 Dungeon Sprint DCSS version 0.28.0-43-g3370ac3207 (webtiles) character file.

Game seed: 13985843874607188076

28 Zeld the Chopper (level 3, -2/36 HPs)
             Began as a Minotaur Berserker on Mar 29, 2022.
             Was a Believer of Trog.
             Slain by a human (8 damage)
             ... in the Dungeon (Sprint III: "The Ten Rune Challenge").
             The game lasted 00:00:19 (58 turns).

Zeld the Chopper (Minotaur Berserker)                 Turns: 58, Time: 00:00:19

Health: -2/36      AC:  3    Str: 23    XL:     3   Next: 0%
Magic:  2/2        EV: 12    Int:  4    God:    Trog [**....]
Gold:   6          SH:  0    Dex:  9    Spells: 2/2 levels left

rFire   . . .      SeeInvis .   a - +0 hand axe
rCold   . . .      Faith    .   (no shield)
rNeg    . . .      Spirit   .   b - +0 animal skin
rPois   .          Reflect  .   (helmet restricted)
rElec   .          Harm     .   (no cloak)
rCorr   .          Rampage  .   (no gloves)
Will    .....      NoTele   +   i - +0 pair of boots
Stlth   +.........              (no amulet)
HPRegen 0.12/turn               (no ring)
MPRegen 0.08/turn               (no ring)

@: no status effects
A: horns 2, retaliatory headbutt
a: Renounce Religion, Berserk, Trog's Hand


You were in the Dungeon.
You worshipped Trog.
Trog was pleased with you.
You visited 1 branch You collected 6 gold pieces.

Inventory:

Hand Weapons
 a - a +0 hand axe (weapon)
Armour
 b - a +0 animal skin (worn)
 i - a +0 pair of boots (worn)
Scrolls
 h - a scroll of blinking
Potions
 c - a potion of curing
 d - a potion of heal wounds
 e - a potion of haste
 f - 2 potions of magic
 g - a potion of berserk rage


   Skills:
 + Level 5.1 Fighting
 * Level 6.2 Axes
 + Level 4.2 Armour
 - Level 2.1 Dodging


You had 2 spell levels left.
You didn't know any spells.
Your spell library was empty.

Dungeon Overview and Level Annotations

Branches:
Dungeon (1/1)

Altars:


Innate Abilities, Weirdness & Mutations

You have a pair of horns on your head.
You reflexively headbutt those who attack you in melee.


Message History

A human is nearby!
You barely miss the human. Your headbutt misses the human.
You barely miss the human. The human hits you.
You barely miss the human. Your headbutt misses the human. The human hits you.
You hit the human but do no damage. The human hits you.
You slash the human!
The human is moderately wounded.
The human barely misses you.
You closely miss the human. Your headbutt misses the human.
The human is moderately wounded.
The human hits you.
You miss the human. You headbutt the human!
The human is heavily wounded.
The human hits you!
You are too injured to fight recklessly!
You hit the human.
The human is severely wounded.
The human hits you!
* * * LOW HITPOINT WARNING * * *
You are too injured to fight recklessly!
You barely miss the human.
The human is severely wounded.
The human hits you but does no damage.
You hit the human.
You headbutt the human, but do no damage.
The human is severely wounded.
The human barely misses you. You furiously retaliate!
You headbutt the human. You completely miss the human.
The human is almost dead.
The human closely misses you.
You hit the human but do no damage.
The human is almost dead.
The human closely misses you.
You barely miss the human.
The human is almost dead.
The human hits you but does no damage.
You hit the human.
The human is almost dead.
The human hits you!
You die...

▓.†...#
▓.....#...≈≈.. ♣♣
▓.....#..≈≈≈≈♣♣.♣
▓####'#..≈≈≈≈≈≈.♣.
▓.....#.≈≈≈≈≈≈....
▓...).#.≈≈≈≈≈.....
▓.....#.≈≈≈.......
▓'#####...........
▓.........@p......
▓▓▓▓▓▓▓▓▓▓▓▓▓▓▓▓▓▓


You could see a human.

Vanquished Creatures
  Jessica (D)
  An endoplasm (D)
  2 rats (D)
4 creatures vanquished.

Notes
Turn   | Place    | Note
-------+----------+-------------------------------------------
     0 | D        | Zeld the Minotaur Berserker began the quest for the Orb.
     0 | D        | Reached XP level 1. HP: 19/19 MP: 0/0
     6 | D        | Reached skill level 4 in Axes
    13 | D        | Noticed Jessica
    16 | D        | Reached ** piety under Trog
    18 | D        | Killed Jessica
    19 | D        | Reached skill level 5 in Fighting
    19 | D        | Reached skill level 6 in Axes
    19 | D        | Reached XP level 2. HP: 29/29 MP: 1/1
    19 | D        | Reached XP level 3. HP: 36/36 MP: 2/2
    58 | D        | Slain by a human

Illustrated notes

Levels and vault maps discovered:
D:        dungeon_sprint_mu [sprint_mu_entry_forest, sprint_mu_temple_rooms,
          sprint_mu_d1_spiders, sprint_mu_d2_genie, sprint_mu_d3_branching,
          sprint_mu_orc_legion, sprint_mu_elf_gauntlet, sprint_mu_hive_nellie,
          sprint_mu_lair_fedhas, sprint_mu_vaults_butterflies,
          sprint_mu_slime_circle, sprint_mu_swamp_cave, sprint_mu_shoals_kraken,
          sprint_mu_blade_basic, sprint_mu_crypt_chambers,
          sprint_mu_tomb_spiral, sprint_mu_vestibule_basic,
          sprint_mu_gehenna_hellfire, sprint_mu_dis_giant,
          sprint_mu_tartarus_statrot, sprint_mu_cocytus_islands, sprint_mu_zot1]

Skill      XL: |  1 |
---------------+----+-----
Axes           | 6 |  6.2
Fighting       | 5 |  5.1
Armour         | 4 |  4.2
Dodging        | |  2.1

Action                   || total
-------------------------++-------
Melee: Hand axe          ||    22
       Headbutt          ||     4
Armor: Animal skin       ||     3
Dodge: Dodged            ||    10
